 Dungeon Crawl Stone Soup version 0.30.0-19-g36f170ea60 (webtiles) character file.

Game seed: 13460869349583564306

3330 Tricky101 the Spear-Bearer (level 9, -3/67 (75) HPs)
             Began as a Minotaur Chaos Knight on May 31, 2023.
             Was a Plaything of Xom.
             Slain by a culicivora (shapeshifter) (7 damage)
             ... in a bailey.
             The game lasted 00:12:37 (6628 turns).

Tricky101 the Spear-Bearer (Minotaur Chaos Knight)  Turns: 6628, Time: 00:12:37

HP:   -3/67 (75)    AC: 13    Str: 21    XL:     9   Next: 71%
MP:   8/8           EV: 15    Int: 11    God:    Xom [*.....]
Gold: 520           SH:  0    Dex: 22    Spells: 8/8 levels left

rFire   + . .        o - +6 quarterstaff of the Common Good {holy, Int+2}
rCold   + . .        (shield currently unavailable)
rNeg    . . .        x - +3 steam dragon scales
rPois   .            (helmet restricted)
rElec   +            m - scarf of Past Mistakes {rC+ rF+, -Tele rElec Dex+6}
rCorr   .            h - +0 pair of gloves
SInv    .            n - +0 pair of boots
Will    .....        j - amulet of the acrobat
Stlth   ++           s - +6 ring of dexterity
HPRegen 0.31/turn    (no ring)
MPRegen 0.11/turn

%: no teleportation, acrobat
@: heavily drained
A: horns 2, retaliatory headbutt, iridescent scales 1
a: Renounce Religion


You were in a bailey.
You worshipped Xom.
You were a special plaything of Xom.
You visited 1 branch of the dungeon, and saw 8 of its levels.
You also visited: Bailey.

You collected 520 gold pieces.

Inventory:

Hand Weapons
 a - a +0 hand axe of chaos
 o - the +6 quarterstaff of the Common Good (weapon) {holy, Int+2}
   (You found it on level 3 of the Dungeon)

   Int:       It affects your intelligence (+2).
Armour
 b - a +2 leather armour
 h - a +0 pair of gloves (worn)
 m - the scarf of Past Mistakes (worn) {rC+ rF+, -Tele rElec Dex+6}
   (You acquired it on level 7 of the Dungeon)

   Dex:       It affects your dexterity (+6).
   rElec:     It insulates you from electricity.
   -Tele:     It prevents most forms of teleportation.
 n - a +0 pair of boots (worn)
 x - +3 steam dragon scales (worn)
Jewellery
 j - an amulet of the acrobat (around neck)
 p - an amulet of guardian spirit
 s - a +6 ring of dexterity (left hand)
 v - a ring of resist corrosion
 y - a ring of fire
 A - a ring of poison resistance
Scrolls
 d - a scroll of fear
 g - 2 scrolls of teleportation
 i - 3 scrolls of magic mapping
 l - 2 scrolls of blinking
 z - a scroll of brand weapon {unknown}
Potions
 e - 4 potions of degeneration {unknown}
 f - a potion of attraction {unknown}
 q - a potion of cancellation {unknown}
 r - 2 potions of might {unknown}
 t - a potion of resistance {unknown}
 u - a potion of haste {unknown}
 w - 4 potions of brilliance {unknown}
 B - 3 potions of heal wounds {unknown}
 C - a potion of flight {unknown}
 D - a potion of magic {unknown}
Miscellaneous
 c - a piece from Xom's chessboard (15/15) (quivered)


   Skills:
 + Level 6.0 Fighting
 - Level 6.3(10.5) Axes
 + Level 13.0(13.6) Polearms
 + Level 5.3 Armour
 + Level 4.5 Dodging


You had 8 spell levels left.
You didn't know any spells.
Your spell library contained the following spells:

 Spells                   Type           Power      Damage    Failure   Level
 Kiss of Death            Conj/Necr      0%         2d5       34%         1
 Slow                     Hex            0%         N/A       34%         1
 Scorch                   Fire           0%         2d5       47%         2
 Confusing Touch          Hex            0%         N/A       71%         3
 Dazzling Flash           Conj/Hex       0%         N/A       71%         3
 Vampiric Draining        Necr           0%         2d6       71%         3
 Volatile Blastmotes      Fire/Tloc      0%         2d10      71%         3
 Dispel Undead            Necr           0%         3d6       98%         4
 Flame Wave               Conj/Fire      0%         2d4       98%         4
 Iskenderun's Mystic Bla  Conj/Tloc      0%         2d3       98%         4
 Starburst                Conj/Fire      0%         6d3       100%        6
 Summon Cactus Giant      Summ           0%         N/A       100%        6


Dungeon Overview and Level Annotations

Branches:
Dungeon (8/15)             Temple (0/1) D:5            Lair (0/5) D:8
 Bailey (1/1)

Altars:
Ashenzari
Kikubaaqudgha
Nemelex Xobeh
Okawaru
Sif Muna
Xom

Shops:
D:2 :

Annotations:
D:6 1 runed translucent door, Kamelo's ghost, novice GrEE


Innate Abilities, Weirdness & Mutations

You have a pair of horns on your head.
You reflexively headbutt those who attack you in melee.
You are partially covered in iridescent scales. (AC +2)


Message History

The orc knight changes into a shapeshifter!
The shapeshifter changes into a culicivora!
Things that are here:
a +2 halberd of electrocution; a gnoll corpse
There is an open door here.
There is a fountain of blood here. "Heh heh heh..."
You are confused.
The culicivora looks rather confused.
The culicivora seems less confused.
The culicivora closely misses you. The culicivora completely misses you.
You sock the culicivora! Your headbutt misses the culicivora.
The culicivora is moderately wounded.
The culicivora bites you!
* * * LOW HITPOINT WARNING * * *
The culicivora draws strength from your injuries!
The culicivora bites you but does no damage.
There is an open door here.
The culicivora bites you!
* * * LOW HITPOINT WARNING * * *
The culicivora draws strength from your injuries!
The culicivora closely misses you.
You miss the culicivora.
The culicivora is lightly wounded.
The culicivora bites you but does no damage.
Xom's power brushes against you for a moment.
Your body is suffused with distortional energy.
Iridescent scales grow over part of your body.
The culicivora misses you.
You barely miss the culicivora. You headbutt the culicivora!
The culicivora is moderately wounded.
You feel less confused. "Boo!"
You hear a shout! x3
The culicivora closely misses you. You furiously retaliate!
You headbutt the culicivora. The culicivora barely misses you.
You closely miss the culicivora. You headbutt the culicivora!
The culicivora is almost dead.
The culicivora bites you!
You die...

###.....#####.....###
##.....## ##.....##
##'##'##'###'##+##'##
#)###)###)#)## ##)#
### ### ##### ### #)#
#.# #)# #g#.###)###.#
#'##'##+###'##'##'##
#!.!.!# ##.....##
#.!.!.### #...@.###
+!.⌠.!).# +.)⌠.s')#
#.!.).### #.....###
#!.!)!## ##.....##
+##+##)###'##)##'##
##.')###.###)# #####
### ###


You could see a culicivora shaped shifter.

Vanquished Creatures
  Maggie (D:7)
  A wyvern (D:5)
  3 steam dragons
  4 vampire mosquitoes (D:6)
  A warg (D:8)
  An ice beast (D:7)
  3 kobold brigands
  3 bullfrogs
  A scorpion (D:5)
  7 wights (D:7)
  3 killer bees (D:8)
  A hound (D:6)
  A gnoll bouda (D:6)
  3 orc priests
  2 jellies
  4 iguanas
  2 sleepcaps
  4 orc wizards
  Natasha (D:2)
  Robin (D:2)
  18 gnolls
  3 adders
  A shadow imp (D:6)
  4 dart slugs
  39 orcs
  6 endoplasms
  2 giant cockroaches
  19 goblins
  8 hobgoblins
  22 kobolds
  2 quokkas (D:3)
  6 ball pythons
  9 bats
  2 frilled lizards (D:1)
  An orc zombie (D:8)
  3 rats
192 creatures vanquished.

Vanquished Creatures (others)
  A warg (D:8)
  An orc warrior (D:8)
  An orc wizard (D:8)
  An orc (D:8)
4 creatures vanquished.

Grand Total: 196 creatures vanquished

Notes
Turn   | Place    | Note
-------+----------+-------------------------------------------
     0 | D:1      | Tricky101 the Minotaur Chaos Knight began the quest for the
                  | Orb.
     0 | D:1      | Reached XP level 1. HP: 19/19 MP: 0/0
    98 | D:1      | XOM: potion effect (berserk rage)
   184 | D:1      | Reached XP level 2. HP: 26/27 MP: 1/1
   296 | D:1      | XOM: potion effect (invisibility)
   352 | D:1      | Noticed a shining eye
   363 | D:1      | Noticed a golden eye
   365 | D:1      | Found a faded altar of an unknown god.
   374 | D:1      | XOM: cloud trail
   379 | D:1      | Noticed a great orb of eyes
   379 | D:1      | Noticed a great orb of eyes
   880 | D:2      | Reached skill level 5 in Axes
   880 | D:2      | Reached XP level 3. HP: 22/33 MP: 2/2
   913 | D:2      | XOM: silly message
   918 | D:2      | XOM: silly message
   961 | D:2      | Noticed Robin
   965 | D:2      | Killed Robin
  1113 | D:2      | Found Orudolapn's Book Shoppe.
  1138 | D:2      | XOM: silly message
  1152 | D:2      | Noticed Natasha
  1154 | D:2      | XOM: divination: detect items
  1156 | D:2      | Killed Natasha
  1157 | D:2      | Reached XP level 4. HP: 40/40 MP: 3/3
  1581 | D:2      | XOM: god gift: flail {god gift}
  1726 | D:3      | Identified the +6 quarterstaff of the Common Good {holy,
                  | Int+2}
  1805 | D:3      | XOM: potion effect (invisibility)
  1845 | D:3      | Reached skill level 1 in Polearms
  1881 | D:3      | Reached skill level 2 in Polearms
  1881 | D:3      | Reached XP level 5. HP: 39/46 MP: 4/4
  1890 | D:3      | Reached skill level 3 in Polearms
  2155 | D:4      | Found a shimmering blue altar of Sif Muna.
  2211 | D:4      | Reached skill level 4 in Polearms
  2313 | D:4      | XOM: silly message
  2602 | D:4      | Reached XP level 6. HP: 52/52 MP: 5/5
  2652 | D:4      | Found a broken altar of Ashenzari.
  2772 | D:4      | XOM: silly message
  2947 | D:4      | XOM: silly message
  3043 | D:5      | Entered Level 5 of the Dungeon
  3094 | D:5      | XOM: polymorph orc -> gnoll
  3097 | D:5      | Reached skill level 5 in Polearms
  3123 | D:5      | XOM: confuse monster(s)
  3196 | D:5      | Found an ancient bone altar of Kikubaaqudgha.
  3201 | D:5      | XOM: swap monsters
  3282 | D:5      | XOM: 3-stop teleportation journey
  3322 | D:5      | XOM: smoke on damage
  3323 | D:5      | Reached skill level 6 in Polearms
  3418 | D:5      | Noticed a wyvern
  3422 | D:5      | Killed a wyvern
  3423 | D:5      | Reached skill level 7 in Polearms
  3423 | D:5      | Reached XP level 7. HP: 42/58 MP: 6/6
  3597 | D:5      | Found a staircase to the Ecumenical Temple.
  3761 | D:6      | Reached skill level 8 in Polearms
  3777 | D:6      | Noticed a vampire mosquito
  3777 | D:6      | Noticed a vampire mosquito
  3779 | D:6      | Noticed a vampire mosquito
  3780 | D:6      | Noticed a vampire mosquito
  3782 | D:6      | XOM: summons 2 friendly demons
  3785 | D:6      | Killed a vampire mosquito
  3786 | D:6      | Killed a vampire mosquito
  3787 | D:6      | Reached skill level 9 in Polearms
  3790 | D:6      | Killed a vampire mosquito
  3791 | D:6      | Reached XP level 8. HP: 48/66 MP: 7/7
  3793 | D:6      | XOM: potion effect (invisibility)
  3796 | D:6      | Reached skill level 10 in Polearms
  3944 | D:6      | HP: 3/66 [something (3)]
  3945 | D:6      | Reached skill level 11 in Polearms
  4275 | D:6      | XOM: smoke on damage
  4495 | D:6      | XOM: 1-stop teleportation journey
  4506 | D:6      | Found a shimmering altar of Xom.
  4580 | D:6      | XOM: god gift: black potion {god gift}
  4661 | D:6      | Found a sparkling altar of Nemelex Xobeh.
  4665 | D:6      | XOM: cloud trail
  4735 | D:6      | Reached skill level 12 in Polearms
  5116 | D:6      | Found a runed translucent door.
  5117 | D:6      | Noticed Kamelo's ghost (novice GrEE)
  5148 | D:6      | XOM: noise
  5256 | D:6      | Found an iron altar of Okawaru.
  5512 | D:7      | Noticed Maggie
  5515 | D:7      | XOM: potion effect (invisibility)
  5533 | D:7      | Killed Maggie
  5534 | D:7      | Reached XP level 9. HP: 59/71 MP: 8/8
  5549 | D:7      | XOM: enchant monster (bad)
  5550 | D:7      | XOM: swap monsters
  5688 | D:7      | Reached skill level 5 in Fighting
  5689 | D:7      | XOM: enchant monster (bad)
  5704 | D:7      | XOM: god gift: smoky yellow potion {god gift}
  5708 | D:7      | Identified a scroll of acquirement
  5708 | D:7      | Acquired the scarf of Past Mistakes {rC+ rF+, -Tele rElec
                  | Dex+6}
  5873 | D:7      | XOM: enchant monster (bad)
  6095 | D:7      | XOM: scenery: summon butterflies
  6171 | D:8      | Found a staircase to the Lair.
  6183 | D:8      | XOM: divine lightning
  6195 | D:8      | Reached skill level 5 in Armour
  6365 | D:8      | Found a flagged portal.
  6382 | D:8      | Reached skill level 13 in Polearms
  6391 | Bailey   | Entered a bailey
  6585 | Bailey   | Noticed an orc knight
  6614 | Bailey   | an orc knight changed into a shapeshifter
  6614 | Bailey   | XOM: polymorph orc knight -> shapeshifter
  6619 | Bailey   | XOM: confusion (+ monsters)
  6624 | Bailey   | HP: 3/67 [culicivora (shapeshifter) (14)]
  6626 | Bailey   | XOM: give mutation
  6626 | Bailey   | Gained mutation: You are partially covered in iridescent
                  | scales. (AC +2) [Xom's mischief]
  6627 | Bailey   | XOM: noise
  6628 | Bailey   | Slain by a culicivora (shapeshifter)

Illustrated notes

Levels and vault maps discovered:
D:1:      eino_arrival_water_star, layout_loops_ring,
          hellmonk_ecumenical_altar_watching_god
D:2:      minmay_razor_zed, layout_loops_ring, serial_shops, shop, uniq_robin,
          uniq_natasha
D:3:      layout_rooms, grunt_ministairs_9
D:4:      layout_loops_corners, marbit_many_paths, nicolae_sif_muna_condensation
D:5:      layout_rooms, kiku_gazebo_garden_becter,
          minmay_temple_entry_antechambers
D:6:      layout_rooms, nemelex_diamond_rough_becter, mainiacjoe_overflow_paths,
          hellmonk_okawaru_the_only_friend_you_need,
          ebering_ghost_reflecting_pool, minmay_stone_trees_medium,
          kennysheep_decorative_pillar, corexii_checkpoint_b, bh_walls_and_bars
D:7:      layout_rooms, minmay_gold_behind_fungi, uniq_maggie
D:8:      kennysheep_blocky_hall, layout_basic, nicolae_qazlal_eye_of_the_storm,
          erik_lair_orcish_takeover, nicolae_ossuary_entry_giza, enter_bailey_5,
          serial_shops, shop, uniq_psyche
Bailey:   bailey_polearm_nasty_gnolls, bailey

Skill      XL: |  1  2  3  4  5  6  7  8  9 |
---------------+----------------------------+-----
Axes           | 4 5 6 |  6.3
Polearms       | 2 4 7 9 12 13 | 13.0
Fighting       | 4 6 |  6.0
Armour         | 3 5 |  5.3
Dodging        | 2 4 |  4.5

Action                     |  1- 3 |  4- 6 |  7- 9 || total
---------------------------+-------+-------+-------++-------
  Melee: Hand axe          |    75 |    25 |       ||   100
         Headbutt          |    10 |    16 |    41 ||    67
         Quarterstaff      |       |    97 |   207 ||   304
  Evoke: Piece from Xom's  |       |       |     1 ||     1
    Use: Scroll            |       |     4 |    10 ||    14
         Potion            |       |       |     6 ||     6
   Stab: Sleeping          |     1 |     1 |     8 ||    10
         Invisible         |       |     3 |     8 ||    11
         Paralysed         |       |       |     1 ||     1
 Armour: Leather armour    |    23 |    49 |    22 ||    94
         Steam dragon scal |       |       |    31 ||    31
  Dodge: Dodged            |    48 |    76 |   186 ||   310
